 Dungeon Crawl Stone Soup version 0.23.0 (webtiles) character file.

Game seed: 11423395003116822993

237 Catiua the Sneak (level 5, 0/35 HPs)
             Began as a Vampire Enchanter on Feb 16, 2019.
             Killed from afar by an orc wizard (7 damage)
             ... with a magic dart
             ... on level 5 of the Dungeon.
             The game lasted 00:24:09 (5469 turns).

Catiua the Sneak (Vampire Enchanter)                Turns: 5469, Time: 00:24:10

Health: 0/35       AC:  2    Str: 12    XL:     5   Next: 77%
Magic:  8/8        EV: 13    Int: 18    God:
Gold:   60         SH:  0    Dex: 15    Spells: 2/8 levels left

rFire    . . .     SeeInvis +   a - +1 dagger
rCold    + + .     Gourm    .   (no shield)
rNeg     + + +     Faith    .   b - +0 robe
rPois    ∞         Spirit   .   (no helmet)
rElec    .         Reflect  .   (no cloak)
rCorr    +         Harm     .   (no gloves)
MR       .....                  (no boots)
Stlth    ++++++....             (no amulet)
HPRegen  0.00/turn              h - ring of resist corrosion
MPRegen  0.11/turn              i - +5 ring of strength

@: bloodless, non-regenerating
A: rotting body, fangs 3, see invisible, unbreathing
a: Bat Form


You were on level 5 of the Dungeon.
You were bloodless.

You visited 1 branch of the dungeon, and saw 5 of its levels.

You collected 60 gold pieces.

Inventory:

Hand Weapons
 a - a +1 dagger (weapon)
Armour
 b - a +0 robe (worn)
Jewellery
 h - a ring of resist corrosion (left hand)
 i - a +5 ring of strength (right hand)
Scrolls
 c - 5 scrolls of remove curse
 d - a scroll of immolation {unknown}
 e - a scroll of enchant weapon {unknown}
 f - a scroll of amnesia {unknown}
 g - a scroll of teleportation {unknown}
 l - 2 scrolls of fog {unknown}
Potions
 j - a potion of mutation


   Skills:
 - Level 5.0 Short Blades
 - Level 2.1 Dodging
 * Level 7.2 Stealth
 - Level 2.0 Spellcasting
 + Level 4.4 Hexes


You had 2 spell levels left.
You knew the following spells:

 Your Spells              Type           Power        Failure   Level  Hunger
a - Corona                Hex            ###....      3%          1    #......
b - Ensorcelled Hibernat  Hex/Ice        #.....       11%         2    ###....
c - Confuse               Hex            ###.....     9%          3    ###....

Your spell library contained the following spells:

 Spells                   Type           Power        Failure   Level  Hunger
 Tukima's Dance           Hex            ###.....     9%          3    ###....
 Dazzling Spray           Conj/Hex       #.....       22%         3    ###....


Dungeon Overview and Level Annotations

Branches:
Dungeon (5/15)
 Temple: D:4-7

Altars:
Xom

Annotations:
D:4 1 runed translucent door, Flure's ghost, amateur DDFi


Innate Abilities, Weirdness & Mutations

Your body is rotting away.
You thrive on raw meat.
You do not heal naturally.
You are immune to poison.
You have razor-sharp teeth.
You have supernaturally acute eyesight. (SInv)
You can survive without breathing.


Message History

Found a quarterstaff and a scroll of remove curse.
Found a stone staircase leading down.
There is a stone staircase leading down here.
Found a runed translucent door.
Found 17 gold pieces.
c - 5 scrolls of remove curse (gained 1)
You open the door.
There is an open door here.
There is an open door here.
There is a stone staircase leading down here.
You climb downwards.
There is a stone staircase leading up here.
There is a stone staircase leading up here.
You open the door.
An orc, an orc priest and 2 orc wizards come into view.
The orc priest is wielding a +1 flail of protection.
The orc wizard shouts! x2; The orc priest shouts!
The orc shouts!
The orc wizard casts a spell at you. The magic dart hits you!
You die...

#.........#
+......o..+
.....o...
.......
...oo ...
#'# #@#
##.########
#...<.....#
#...###.#.#
#.....
##...##
......
###.### #.


You could see an orc priest, 2 orc wizards and an orc.

Vanquished Creatures
  A hound (D:5)
  An orc priest (D:3)
  A worker ant (D:3)
  3 gnolls (D:2)
  3 adders
  An ooze (D:2)
  A dart slug (D:3)
  A leopard gecko (D:1)
  10 orcs
  4 bats
  4 giant cockroaches
  8 hobgoblins
  3 jackals (D:1)
  12 kobolds
  2 quokkas (D:2)
  A ball python (D:1)
  3 frilled lizards (D:2)
  14 goblins
  5 rats
78 creatures vanquished.

Notes
Turn   | Place    | Note
-------+----------+-------------------------------------------
     0 | D:1      | Catiua the Vampire Enchanter began the quest for the Orb.
     0 | D:1      | Reached XP level 1. HP: 13/13 MP: 3/3
    15 | D:1      | Found a shimmering altar of Xom.
   215 | D:1      | Reached XP level 2. HP: 11/19 MP: 5/5
   478 | D:1      | Reached skill level 5 in Stealth
   987 | D:2      | Learned a level 2 spell: Ensorcelled Hibernation
   996 | D:2      | Reached XP level 3. HP: 24/24 MP: 6/6
  1528 | D:2      | Reached XP level 4. HP: 30/30 MP: 7/7
  2883 | D:3      | Reached skill level 6 in Stealth
  2883 | D:3      | Reached XP level 5. HP: 15/35 MP: 5/8
  3244 | D:3      | Learned a level 3 spell: Confuse
  4212 | D:4      | Noticed an ogre
  4236 | D:3      | Reached skill level 5 in Short Blades
  5133 | D:5      | Entered Level 5 of the Dungeon
  5179 | D:5      | Reached skill level 7 in Stealth
  5444 | D:4      | Found a runed translucent door.
  5445 | D:4      | Noticed Flure's ghost (amateur DDFi)
  5469 | D:5      | Killed from afar by an orc wizard

Skill      XL: |  1  2  3  4  5 |
---------------+----------------+-----
Short Blades   | 2 3 4 5 |  5.0
Stealth        | 5 6 7 |  7.2
Dodging        | |  2.1
Spellcasting   | |  2.0
Hexes          | |  4.4

Action                   |  1- 3 |  4- 6 || total
-------------------------+-------+-------++-------
Melee: Dagger            |   109 |   171 ||   280
       Bite              |     5 |    16 ||    21
 Cast: Ensorcelled Hiber |     2 |    26 ||    28
       Corona            |     1 |       ||     1
       Confuse           |       |     4 ||     4
  Use: Scroll            |     5 |       ||     5
       Potion            |       |     9 ||     9
 Stab: Sleeping          |    17 |    14 ||    31
       Distracted        |     2 |     1 ||     3
Armor: Robe              |     9 |    14 ||    23
Dodge: Dodged            |    53 |   104 ||   157
